 Dungeon Crawl Stone Soup version 0.29-a0-231-g945431f764 (webtiles) character file.

Game seed: 9779092867681015313

15996 drugrobin the Protected (level 11, -3/97 HPs)
             Began as a Demigod Fighter on Feb 28, 2022.
             Slain by a black mamba (5 damage)
             ... on level 3 of the Lair of Beasts.
             The game lasted 00:31:46 (12606 turns).

drugrobin the Protected (Demigod Fighter)          Turns: 12606, Time: 00:31:46

Health: -3/97      AC: 15    Str: 29    XL:     11   Next: 75%
Magic:  14/14      EV:  8    Int: 12    God:
Gold:   518        SH:  6    Dex: 13    Spells: 10/10 levels left

rFire   . . .      SeeInvis .   a - +0 war axe (flame)
rCold   . . .      Faith    .   c - +0 buckler
rNeg    . . .      Spirit   .   h - +1 chain mail
rPois   +          Reflect  .   (no helmet)
rElec   .          Harm     .   z - +0 cloak {rPois}
rCorr   .          Rampage  .   i - +0 pair of gloves "Wepebrin" {Int+2}
Will    +....                   (no boots)
Stlth   ..........              k - amulet of regeneration
HPRegen 1.06/turn               y - ring of wizardry
MPRegen 0.14/turn               G - ring of poison resistance

@: frozen, very slow
A: high MP 1, forlorn, divine attributes
a: no special abilities


You were on level 3 of the Lair of Beasts.
You visited 2 branches of the dungeon, and saw 11 of its levels.
You also visited: Ossuary.

You collected 518 gold pieces.

Inventory:

Hand Weapons
 a - a +0 war axe of flaming (weapon)
 s - a +2 trident of venom
 v - a +1 demon trident of venom
Missiles
 b - 8 javelins
 g - 218 stones
 q - 3 boomerangs (quivered)
 B - 16 poisoned darts
 K - 2 throwing nets
Armour
 c - a +0 buckler (worn)
 h - a +1 chain mail (worn)
 i - the +0 pair of gloves "Wepebrin" (worn) {Int+2}
   (You found it on level 5 of the Dungeon)

   Int:       It affects your intelligence (+2).
 z - a +0 cloak of poison resistance (worn)
Jewellery
 e - a ring of fire
 k - an amulet of regeneration (around neck)
 y - a ring of wizardry (left hand)
 G - a ring of poison resistance (right hand)
Wands
 f - a wand of digging (3)
 n - a wand of charming (5)
 r - a wand of flame (41)
 H - a wand of polymorph (2)
Scrolls
 j - 2 scrolls of vulnerability
 l - a scroll of immolation
 o - a scroll of amnesia
 u - 2 scrolls of blinking
 w - a scroll of enchant weapon {unknown}
 I - 4 scrolls of teleportation
 J - a scroll of silence {unknown}
 M - a scroll of identify
Potions
 d - a potion of might
 m - 2 potions of brilliance
 p - 2 potions of mutation
 t - 4 potions of curing
 x - a potion of attraction {unknown}
 A - 4 potions of haste
 C - a potion of magic
 D - 2 potions of berserk rage
 E - a potion of resistance {unknown}
 F - 2 potions of ambrosia
 L - a potion of flight


   Skills:
 + Level 9.6 Fighting
 + Level 9.4 Axes
 + Level 9.6 Armour
 + Level 9.6 Shields


You had 10 spell levels left.
You didn't know any spells.
Your spell library contained the following spells:

 Spells                   Type           Power      Damage    Failure   Level
 Slow                     Hex            0%         N/A       52%         1
 Sting                    Tmut/Pois      0%         1d3       52%         1
 Summon Small Mammal      Summ           0%         N/A       52%         1
 Poisonous Vapours        Pois/Air       0%         N/A       67%         2
 Call Canine Familiar     Summ           0%         N/A       87%         3
 Confusing Touch          Hex            0%         N/A       87%         3
 Gell's Gravitas          Tloc           0%         N/A       87%         3
 Lesser Beckoning         Tloc           0%         N/A       87%         3
 Ozocubu's Armour         Ice            0%         N/A       87%         3
 Summon Guardian Golem    Hex/Summ       0%         N/A       87%         3
 Teleport Other           Tloc           0%         N/A       87%         3
 Vampiric Draining        Necr           0%         2d6       87%         3
 Olgreb's Toxic Radiance  Pois           0%         N/A       99%         4
 Ozocubu's Refrigeration  Ice            0%         4d5       100%        7


Dungeon Overview and Level Annotations

Branches:
Dungeon (8/15)             Temple (0/1) D:7            Lair (3/6) D:8
  Snake (0/4) Lair:2      Ossuary (visited)
  Swamp: Lair:2-4    Shoals: Lair:2-4

Shops:
D:3 (

Annotations:
D:8 exclusions: oklob plant and oklob sapling


Innate Abilities, Weirdness & Mutations

You have an increased reservoir of magic. (+10% MP)
You shall have no god before yourself.
Your divine heritage dramatically boosts your attributes as you level up.


Message History

You hit the yak. You burn the yak.
The yak is heavily wounded.
The yak gores you but does no damage.
You slash the yak! You burn the yak.
The yak is almost dead.
The yak gores you!
You slash the yak! You burn the yak.
You kill the yak!
You hit the yak. You burn the yak.
The yak is lightly wounded.
The yak gores you but does no damage.
You barely miss the yak.
The yak is lightly wounded.
The yak barely misses you.
A black mamba comes into view.
The black mamba hisses angrily.
You slice the yak!! You burn the yak!
You kill the yak!
Unknown command.
You hit the yak but do no damage. The yak gores you but does no damage.
The yak barely misses you. The black mamba bites you.
Unknown command.
Okay, then.
The black mamba bites you.
The black mamba bites you but does no damage.
The black mamba closely misses you.
The black mamba bites you but does no damage.
The black mamba bites you. You block the black mamba's attack.
The black mamba barely misses you.
A rime drake comes into view.
The rime drake hisses angrily.
The black mamba bites you!
* * * LOW HITPOINT WARNING * * *
The rime drake breathes ice at you. The flash freeze hits you!!
* * * LOW HITPOINT WARNING * * *
You are encased in ice.
The black mamba bites you.
You die...

#..#.Y................Y.#
#Y.
†..#.##..###.#.........##
#... ##...#.#Y##
##.........# #...
####......######......###
#... #
#.......÷#.####YY### #...
##................# #$..
#....#..÷....FY..P# ##.Y
##...####..##S##..#.#
#...## ####.@..##.#
##...######.>.....##
#.....P..#........#
##........#.##!....
##..##...##..##.#.k..
#####...##..#.....# ##..
.##...#########..#### ##
#...#.# ##....# #..####
##..##


You could see a black mamba, 3 yaks, a cane toad and a rime drake (catching
breath).

Vanquished Creatures
  2 hydras
  A catoblepas (Lair:2)
  5 death yaks (Lair:1)
  A black mamba (Lair:2)
  5 cane toads
  A rime drake (Lair:1)
  3 komodo dragons (Lair:2)
  3 blink frogs
  A wraith (D:7)
  20 yaks
  A wyvern (Lair:3)
  4 basilisks
  3 nagas (Lair:2)
  3 water moccasins
  2 sky beasts
  An orc warrior (D:5)
  2 ice beasts
  2 black bears (D:6)
  4 ogres
  A phantom (D:5)
  A centaur (D:8)
  A kobold brigand (D:6)
  4 bullfrogs
  A necrophage (D:3)
  5 water moccasin zombies (Ossuary)
  3 scorpions
  9 wights
  4 howler monkeys
  6 orc priests
  5 hounds
  A jelly (D:7)
  2 gnoll shamans
  Crazy Yiuf (D:7)
  3 iguanas
  5 orc wizards
  2 mummies (Ossuary)
  10 gnolls
  15 adders
  A river rat (D:3)
  A shadow imp (D:5)
  2 white imps
  4 adder zombies (Ossuary)
  3 worms
  3 dart slugs
  15 orcs
  13 ball pythons
  6 bats
  9 endoplasms
  6 giant cockroaches
  10 gnoll zombies (Ossuary)
  8 goblins
  6 hobgoblins
  12 jackals
  A quokka (D:3)
  A frilled lizard (D:1)
  3 hobgoblin zombies (Ossuary)
  10 kobolds
  4 kobold zombies (Ossuary)
  5 orc zombies (Ossuary)
  5 rats
  A bush (D:8)
272 creatures vanquished.

Vanquished Creatures (others)
  A human (D:8)
  8 fungi
  23 plants
32 creatures vanquished.

Grand Total: 304 creatures vanquished

Notes
Turn   | Place    | Note
-------+----------+-------------------------------------------
     0 | D:1      | drugrobin the Demigod Fighter began the quest for the Orb.
     0 | D:1      | Reached XP level 1. HP: 18/18 MP: 3/3
   312 | D:1      | Reached XP level 2. HP: 25/25 MP: 4/4
   785 | D:1      | Reached XP level 3. HP: 24/31 MP: 5/5
  1321 | D:2      | Reached XP level 4. HP: 33/38 MP: 6/6
  2413 | D:3      | Noticed a necrophage
  2422 | D:3      | Killed a necrophage
  2423 | D:3      | Reached XP level 5. HP: 38/46 MP: 7/7
  2728 | D:3      | Noticed an ogre
  2737 | D:3      | Killed an ogre
  2738 | D:3      | Reached XP level 6. HP: 15/52 MP: 8/8
  3035 | D:3      | Found Warghimus's Antique Weapon Emporium.
  3463 | D:5      | Entered Level 5 of the Dungeon
  3917 | D:5      | HP: 2/52 [poisoned by an orc]
  4316 | D:5      | HP: 2/52 [orc priest/+0 flail (6)]
  4694 | D:5      | Reached XP level 7. HP: 18/60 MP: 9/9
  4903 | D:5      | Identified the +0 pair of gloves "Wepebrin" {Int+2}
  5409 | D:5      | You fall into a shaft and drop 3 floors!
  5534 | D:8      | Reached skill level 5 in Fighting
  5534 | D:8      | Reached skill level 5 in Armour
  5534 | D:8      | Reached skill level 5 in Shields
  5808 | D:8      | Reached XP level 8. HP: 64/68 MP: 10/10
  5859 | D:8      | Found a staircase to the Lair.
  6032 | D:7      | Found a sand-covered staircase.
  6039 | Ossuary  | Entered an ossuary
  6099 | Ossuary  | Reached skill level 5 in Axes
  6423 | D:7      | Found a staircase to the Ecumenical Temple.
  6584 | D:7      | Reached XP level 9. HP: 55/75 MP: 11/11
  6998 | D:7      | Found a runed translucent door.
  6999 | D:7      | Noticed Crazy Yiuf
  7365 | D:7      | Killed Crazy Yiuf
  7691 | D:5      | HP: 2/78 [orc warrior/+0 dire flail (10)]
  9542 | D:8      | Noticed an oklob plant
  9587 | Lair:1   | Entered Level 1 of the Lair of Beasts
  9707 | Lair:1   | Noticed a cane toad
  9725 | Lair:1   | Killed a cane toad
  9831 | Lair:1   | Reached XP level 10. HP: 78/86 MP: 13/13
 10699 | Lair:2   | Noticed a catoblepas
 10712 | Lair:2   | Killed a catoblepas
 10856 | Lair:2   | Noticed a death yak
 10858 | Lair:2   | Noticed a death yak
 10870 | Lair:2   | Noticed a death yak
 10880 | Lair:1   | Killed a death yak
 10895 | Lair:2   | Noticed a death yak
 10975 | Lair:1   | Killed a death yak
 10998 | Lair:2   | Noticed a death yak
 11056 | Lair:2   | Noticed a black mamba
 11072 | Lair:2   | Killed a black mamba
 11073 | Lair:2   | Reached XP level 11. HP: 39/95 MP: 14/14
 11272 | Lair:1   | Killed a death yak
 11334 | Lair:1   | Killed a death yak
 11371 | Lair:1   | Killed a death yak
 11666 | Lair:2   | Found a staircase to the Snake Pit.
 12018 | Lair:2   | Noticed a five-headed hydra
 12026 | Lair:2   | Killed a one-headed hydra
 12030 | Lair:2   | Identified the +9 lajatang "Tossit" {protect, Will+}
 12144 | Lair:3   | Noticed a five-headed hydra
 12161 | Lair:3   | Killed a one-headed hydra
 12249 | Lair:3   | Noticed an eight-headed hydra
 12606 | Lair:3   | HP: 2/97 [rime drake/flash freeze (27)]
 12606 | Lair:3   | Slain by a black mamba

Illustrated notes

Levels and vault maps discovered:
D:1:      wander_arrival_lonely_grave, layout_basic
D:2:      minmay_alternating_diamond, layout_basic,
          shapermc_ecumenical_altar_mp_ritualfount
D:3:      layout_loops_corners, nicolae_overflow_crystal_walls, serial_shops,
          shop, portal_sewer_entry_b, chequers_serial_rivers_micro_e
D:4:      layout_rooms, nzn_wu_jian_contemplation,
          hangedman_abyss_or_decor_jellyfish_corner, minmay_misc_feat_doors
D:5:      layout_basic, nicolae_uskayaw_dance_hall
D:6:      layout_basic
D:7:      layout_cave_pods, minitemple, kennysheep_little_box,
          minmay_temple_entry_gardened_gates, chequers_ossuary_entry_cave,
          enter_bailey_2, uniq_crazy_yiuf_cottage
D:8:      layout_basic, tgw_kikubaaqudgha, grunt_temple_overflow_opulence,
          lair_entry_dummy, introduction_to_nature_2
Lair:1:   layout_gridlike, lemuel_fruit_fields, grunt_megastairs_3,
          infiniplex_staircase_pool
Lair:2:   layout_misc_corridors, minmay_snake_entry_guardpost_medium
Lair:3:   layout_cave_pods, minmay_swamp_entry_worms, forest_entry_grove,
          lemuel_fruit_fields, grunt_megastairs_4

Skill      XL: |  1  2  3  4  5  6  7  8  9 10 11 |
---------------+----------------------------------+-----
Axes           | 2 3 4 5 7 8 9 |  9.4
Fighting       | 3 4 5 6 7 8 9 |  9.6
Armour         | 3 4 5 6 7 8 9 |  9.6
Shields        | 3 4 5 6 7 8 9 |  9.6

Action                   |  1- 3 |  4- 6 |  7- 9 | 10-12 || total
-------------------------+-------+-------+-------+-------++-------
Melee: War axe           |   105 |   226 |   438 |   146 ||   915
       Trident           |       |       |    48 |       ||    48
       Demon trident     |       |       |    26 |   152 ||   178
Throw: Stone             |    11 |     8 |     6 |       ||    25
       Javelin           |       |       |     2 |       ||     2
       Throwing net      |       |       |     1 |       ||     1
       Boomerang         |       |       |       |     8 ||     8
Evoke: Wand              |       |       |     1 |     8 ||     9
  Use: Potion            |       |     5 |     4 |       ||     9
       Scroll            |       |       |    15 |       ||    15
Armor: Scale mail        |    49 |       |       |       ||    49
       Chain mail        |     6 |   148 |   237 |   142 ||   533
Dodge: Dodged            |    54 |    83 |   174 |    98 ||   409
Block: Buckler           |    19 |    47 |   131 |    98 ||   295

Table legend: (Time is in decaauts)
 A = Elapsed time spent in this place.
 B = Non-inter-level travel time spent in this place.
 C = Inter-level travel time spent in this place.
 D = Time resting spent in this place.
 E = Time spent auto-exploring this place.
 F = Levels seen in this place.
 G = Mean time per level.
                   A        B        C        D        E       F      G
               +--------+--------+--------+--------+--------+-----+--------+
         Total |  12926 |  12295 |    631 |   2009 |   6410 |  12 | 1077.2 |
       Dungeon |   9608 |   9126 |    482 |   1493 |   5100 |   8 | 1201.0 |
          Lair |   3059 |   2910 |    149 |    516 |   1310 |   3 | 1019.7 |
       Ossuary |    258 |    258 |      0 |      0 |      0 |   1 |  258.0 |
               +--------+--------+--------+--------+--------+-----+--------+

Top non-repeatable levels by time:
     D:5: 2156 daAuts
     D:3: 1710 daAuts
  Lair:1: 1430 daAuts
     D:7: 1345 daAuts
  Lair:2: 1306 daAuts
     D:1: 1048 daAuts
     D:8: 1011 daAuts
     D:6: 962 daAuts
     D:2: 842 daAuts
     D:4: 531 daAuts
  Lair:3: 322 daAuts
 Ossuary: 258 daAuts
